Map: Pillars of Gold LE

Players

grimblin - Winner!

  • Race: Protoss Protoss
  • League: Platinum
  • Spawn Location: 7:00

PhattyNutz

  • Race: Protoss Protoss
  • League: Master
  • Spawn Location: 1:00

VOD

Have the link to the VOD?

Description

Time

  • Played on: March 9, 2021, 2:30 p.m.
  • Length: 33:06
Show
View Real Time Build Order
Export as new Build Order

grimblin Protoss - Winner!

Build Orders:  

Get SALT Encoding   

  12  0:00  Probe  
  13  0:12  Probe  
  14  0:17  Pylon  
  14  0:24  Probe (Chrono Boost)  
  15  0:38  Probe (Chrono Boost)  
  15  0:41  Gateway  
  16  0:43  Probe (Chrono Boost)  
  17  0:50  Assimilator  
  17  0:52  Probe  
  18  1:04  Probe  
  18  1:07  Assimilator  
  19  1:16  Probe  
  20  1:24  Gateway  
  20  1:29  Cybernetics Core  
  20  1:40  Probe  
  21  1:48  Pylon  
  21  1:53  Probe  
  22  2:05  Probe  
  23  2:12  Warp Gate, Stalker  
  25  2:17  Probe  
  25  2:18  Stalker  
  28  2:28  Gateway  
  28  2:30  Probe  
  29  2:41  Pylon  
  29  2:50  Pylon  
  29  2:52  Probe  
  29  2:57  Stalker  
  31  3:04  Probe  
  32  3:21  Nexus  
  32  3:24  Pylon  
  32  3:32  Probe  
  33  3:40  Robotics Facility  
  33  3:44  Probe  
  34  3:57  Probe  
  33  4:09  Probe  
  32  4:15  Stalker x2  
  32  4:16  Stalker  
  38  4:21  Probe  
  39  4:27  Twilight Council  
  39  4:28  Observer  
  40  4:33  Probe x2  
  38  4:45  Probe x2  
  34  5:00  Probe (Chrono Boost)  
  34  5:03  Probe (Chrono Boost)  
  34  5:06  Assimilator  
  36  5:09  Assimilator  
  36  5:13  Probe (Chrono Boost)  
  38  5:18  Probe (Chrono Boost)  
  38  5:19  Stalker  
  38  5:20  Probe (Chrono Boost)  
  40  5:25  Probe  
  42  5:30  Probe  
  43  5:39  Pylon  
  43  5:42  Shield Battery  
  44  5:50  Probe x2  
  44  5:51  Shield Battery  
  45  6:02  Probe x2  
  47  6:05  Sentry  
  47  6:06  Sentry x2  
  53  6:19  Charge (Chrono Boost)  
  53  6:26  Probe x2  
  55  6:37  Forge  
  55  6:38  Probe  
  56  6:40  Pylon  
  55  6:52  Stalker x2  
  58  6:56  Probe (Chrono Boost)  
  58  6:57  Probe (Chrono Boost)  
  60  7:04  Protoss Ground Weapons Level 1 (Chrono Boost)  
  60  7:05  Forge  
  60  7:08  Probe (Chrono Boost)  
  61  7:20  Photon Cannon  
  61  7:23  Photon Cannon  
  61  7:28  Zealot  
  61  7:29  Sentry  
  65  7:30  Sentry  
  67  7:45  Gateway  
  67  7:46  Gateway  
  67  7:50  Protoss Ground Armor Level 1 (Chrono Boost)  
  57  8:10  Immortal (Chrono Boost)  
  57  8:11  Templar Archives  
  57  8:16  Stalker  
  57  8:17  Stalker  
  57  8:19  Sentry  
  67  8:26  Probe x2  
  69  8:38  Probe x2  
  71  8:44  Zealot x2  
  71  8:45  Zealot  
  77  8:50  Probe  
  78  8:59  Pylon x2  
  78  9:04  Protoss Ground Weapons Level 2 (Chrono Boost)  
  78  9:17  Probe x2  
  78  9:19  Pylon  
  78  9:20  High Templar x3  
  78  9:21  High Templar x2  
  90  9:24  Archon  
  90  9:25  Archon  
  90  9:29  Probe  
  91  9:33  Protoss Ground Armor Level 2 (Chrono Boost)  
  91  9:56  High Templar x3  
  91  9:58  Zealot  
  99  10:00  Zealot  
  99  10:01  Nexus, Archon  
  99  10:02  Pylon  
  99  10:04  Pylon  
  101  10:08  Archon  
  101  10:18  Pylon  
  101  10:22  Zealot x2  
  104  10:47  Stalker  
  104  10:48  Stalker x3  
  104  10:49  Stalker  
  105  10:58  Probe x2  
  107  11:10  Probe  
  107  11:11  Probe  
  109  11:17  Zealot x2  
  113  11:19  High Templar x2, Photon Cannon  
  113  11:23  Probe x2, Archon  
  119  11:26  Photon Cannon  
  119  11:27  Photon Cannon  
  119  11:28  Photon Cannon  
  105  11:47  Zealot x3  
  73  12:07  High Templar x3  
  61  12:08  Stalker  
  61  12:09  Stalker  
  61  12:11  Archon  
  63  12:19  Photon Cannon  
  63  12:22  Photon Cannon  
  63  12:23  Probe x3  
  66  12:35  Probe x3  
  69  12:39  Shield Battery  
  69  12:43  Shield Battery  
  69  12:45  Zealot  
  69  12:46  Zealot  
  69  12:47  Probe x2  
  69  12:48  Probe  
  69  12:49  High Templar x2  
  80  12:53  Archon  
  79  12:59  Probe  
  79  13:02  Probe x2  
  82  13:07  Photon Cannon  
  82  13:10  High Templar  
  82  13:12  Stalker, Probe, Zealot  
  89  13:14  Probe x2  
  89  13:16  Archon  
  91  13:24  Probe  
  91  13:25  Assimilator  
  91  13:26  Assimilator, Probe x2  
  87  13:36  Probe  
  87  13:38  Probe, Zealot x4  
  97  13:41  Probe  
  97  13:48  Probe  
  99  13:50  Probe  
  100  14:01  Protoss Ground Weapons Level 3 (Chrono Boost)  
  100  14:03  Protoss Ground Armor Level 3 (Chrono Boost)  
  100  14:08  Zealot x3  
  100  14:09  Zealot x2  
  110  14:22  Gateway  
  110  14:23  Probe  
  112  14:26  Gateway  
  111  14:32  High Templar x2  
  111  14:33  High Templar  
  111  14:35  High Templar  
  111  14:37  Archon  
  119  14:39  Archon  
  119  14:40  Stalker  
  119  14:43  Immortal (Chrono Boost)  
  125  15:11  Nexus  
  121  15:14  Pylon, Zealot x2  
  121  15:15  Zealot x3  
  121  15:16  Pylon  
  121  15:18  Pylon  
  131  15:26  High Templar  
  131  15:27  High Templar  
  135  15:30  Archon  
  135  15:38  High Templar x3  
  135  15:39  High Templar  
  143  15:42  Archon  
  143  15:43  Archon  
  142  15:59  High Templar x2  
  142  16:00  Zealot  
  142  16:03  Archon  
  148  16:11  Immortal  
  152  16:25  Zealot x2  
  156  16:27  High Templar  
  156  16:28  High Templar  
  156  16:29  Zealot  
  156  16:31  Photon Cannon  
  156  16:32  Archon  
  162  16:33  Photon Cannon, Zealot x2  
  162  16:35  Photon Cannon  
  162  16:38  Photon Cannon  
  162  16:39  Protoss Shields Level 1 (Chrono Boost)  
  166  16:40  Photon Cannon  
  166  16:41  Photon Cannon  
  166  17:14  Shield Battery  
  166  17:17  High Templar x4, Shield Battery  
  166  17:19  Zealot x2  
  166  17:20  Zealot  
  166  17:21  Archon  
  166  17:22  Archon  
  117  18:00  Zealot x3  
  117  18:01  Zealot x2  
  117  18:02  Zealot x2  
  99  18:25  Stalker  
  99  18:26  Stalker x5  
  99  18:27  Zealot  
  107  18:57  High Templar  
  107  18:58  High Templar x5  
  107  18:59  High Templar  
  107  19:02  Archon x3  
  121  19:22  Probe x4  
  125  19:34  Probe x2  
  113  19:52  High Templar x3  
  109  19:53  High Templar  
  109  19:54  Stalker, Zealot  
  117  20:16  Stalker  
  117  20:17  Stalker x2  
  97  20:44  High Templar  
  97  20:46  Zealot  
  97  20:47  Zealot  
  97  20:48  Zealot x4  
  107  21:02  Photon Cannon  
  107  21:04  Photon Cannon x2  
  107  21:05  Photon Cannon  
  107  21:06  Photon Cannon  
  107  21:08  Assimilator, Photon Cannon  
  107  21:09  Assimilator  
  95  21:27  Shield Battery  
  95  21:30  Shield Battery  
  95  21:31  Pylon, Shield Battery  
  95  21:32  High Templar x2  
  97  21:33  High Templar  
  97  21:35  Zealot x3  
  97  21:37  Archon  
  107  21:42  Archon  
  107  22:06  Stalker  
  107  22:07  Stalker x2  
  107  22:08  Zealot x3  
  115  22:10  Stalker  
  117  22:33  Photon Cannon  
  117  22:37  Photon Cannon  
  117  22:38  Photon Cannon  
  117  22:44  Shield Battery  
  117  22:47  Photon Cannon  
  117  22:48  Photon Cannon  
  117  22:50  High Templar  
  119  23:11  Stalker x3  
  119  23:12  Stalker x3  
  128  23:21  Nexus  
  128  23:23  Stalker  
  130  23:36  Stalker x4  
  130  23:37  Zealot x2  
  142  23:47  Pylon  
  142  23:48  Pylon  
  142  23:50  Pylon  
  142  24:02  High Templar x2  
  146  24:04  Zealot  
  146  24:05  Zealot x4  
  146  24:07  Archon  
  156  24:22  Photon Cannon x2  
  156  24:23  Photon Cannon  
  156  24:24  Photon Cannon  
  156  24:25  Photon Cannon  
  156  24:26  Photon Cannon  
  156  24:27  Protoss Shields Level 2 (Chrono Boost), Photon Cannon  
  156  24:29  Photon Cannon  
  156  24:31  Photon Cannon  
  154  24:42  Assimilator  
  154  24:44  High Templar  
  154  24:58  High Templar  
  156  25:00  Zealot  
  156  25:01  Zealot x3  
  156  25:02  Zealot  
  156  25:03  Assimilator  
  162  25:18  High Templar  
  148  25:23  Zealot x2  
  148  25:24  Zealot x3, Archon  
  154  25:41  High Templar  
  156  25:44  High Templar x2  
  156  25:48  Archon  
  160  25:53  Archon  
  160  26:19  High Templar  
  160  26:20  High Templar x3  
  160  26:23  Zealot x2  
  160  26:24  Archon  
  160  26:25  Archon  
  172  26:27  Nexus  
  172  26:30  Pylon  
  172  26:31  Pylon  
  172  26:33  Pylon  
  172  26:42  Observer (Chrono Boost)  
  173  26:47  High Templar  
  173  26:49  Stalker x2  
  179  26:55  Observer (Chrono Boost)  
  180  27:02  Archon  
  180  27:07  Photon Cannon  
  180  27:10  Photon Cannon  
  180  27:11  Photon Cannon  
  180  27:13  Photon Cannon  
  180  27:14  Photon Cannon  
  180  27:15  Observer, Photon Cannon  
  181  27:17  Photon Cannon  
  181  27:19  Photon Cannon x2  
  181  27:21  High Templar x2  
  181  27:22  High Templar, Photon Cannon  
  187  27:23  Photon Cannon  
  187  27:24  Sentry  
  187  27:26  Archon  
  187  27:27  Photon Cannon  
  187  27:28  Photon Cannon  
  189  27:30  Photon Cannon  
  189  27:31  Photon Cannon  
  189  27:32  High Templar  
  189  27:33  Photon Cannon  
  189  27:34  Photon Cannon  
  191  27:37  Photon Cannon, Archon  
  191  27:39  Photon Cannon  
  143  28:12  High Templar x3  
  99  28:27  Stalker x2  
  99  28:28  Stalker x2  
  99  28:29  Archon  
  103  28:49  Zealot x3  
  103  29:04  Stalker  
  103  29:05  Stalker x3  
  107  29:14  High Templar  
  107  29:15  High Templar  
  99  29:31  Stalker x3  
  99  29:33  Stalker  
  95  29:51  Stalker x3  
  93  30:05  High Templar  
  93  30:07  Stalker, Zealot  
  93  30:08  Zealot  
  91  30:19  Pylon  
  85  30:22  Stalker x3  
  91  30:30  Stalker x2  
  91  30:31  Zealot  
  91  30:48  Stalker x4  
  71  30:57  Zealot x3  
  70  31:13  Zealot x4  
  78  31:23  Nexus  
  78  31:25  Pylon  
  78  31:27  Pylon  
  78  31:29  Gateway x2  
  72  31:38  Zealot  
  72  31:39  Zealot x5  
  84  31:40  Zealot  
  85  32:06  Stalker x3  
  85  32:07  Stalker x4  
  97  32:23  Assimilator  
  97  32:27  Assimilator  
  92  32:44  Stalker x3  
  92  32:45  Stalker x3  
  92  32:50  Stalker x3  
Show
View Real Time Build Order
Export as new Build Order

PhattyNutz Protoss 

Build Orders: Oracle Opening, Carriers 

Get SALT Encoding   

  12  0:01  Probe  
  13  0:15  Probe  
  14  0:25  Pylon  
  14  0:27  Probe  
  15  0:43  Probe  
  15  0:46  Gateway  
  16  0:51  Gateway  
  16  0:55  Probe (Chrono Boost)  
  17  1:03  Assimilator  
  17  1:08  Assimilator, Probe (Chrono Boost)  
  18  1:19  Probe  
  19  1:31  Probe  
  20  1:38  Cybernetics Core  
  19  1:43  Probe (Chrono Boost)  
  20  1:49  Pylon  
  21  1:54  Probe (Chrono Boost)  
  21  1:59  Probe (Chrono Boost)  
  22  2:10  Probe  
  22  2:14  Warp Gate  
  23  2:16  Adept  
  23  2:19  Adept  
  23  2:22  Probe  
  28  2:28  Stargate  
  28  2:34  Probe  
  29  2:47  Pylon  
  29  2:59  Probe  
  29  3:05  Adept x2  
  34  3:19  Nexus  
  34  3:27  Oracle  
  37  3:39  Stalker  
  37  4:10  Pylon  
  37  4:17  Oracle  
  38  4:22  Probe  
  39  4:34  Probe  
  36  4:51  Probe x2  
  38  5:01  Phoenix  
  38  5:03  Stalker x2, Probe x2  
  46  5:07  Stargate  
  46  5:10  Robotics Facility  
  46  5:15  Assimilator, Probe x2  
  46  5:17  Assimilator  
  46  5:19  Robotics Facility  
  48  5:27  Probe x2  
  48  5:28  Pylon  
  50  5:35  Phoenix  
  52  5:39  Probe x2  
  54  5:51  Probe x2  
  56  6:01  Immortal  
  56  6:03  Probe x2, Phoenix  
  64  6:07  Phoenix  
  66  6:15  Probe  
  66  6:17  Probe  
  68  6:27  Probe  
  68  6:29  Probe  
  70  6:33  Nexus  
  70  6:55  Pylon  
  70  7:01  Pylon  
  70  7:02  Pylon  
  70  7:05  Pylon  
  70  7:13  Immortal (Chrono Boost), Probe x2  
  70  7:14  Stalker  
  78  7:20  Immortal (Chrono Boost)  
  78  7:22  Phoenix  
  84  7:23  Phoenix  
  84  7:26  Probe  
  87  7:31  Assimilator  
  87  7:35  Assimilator  
  87  7:36  Probe  
  88  7:39  Pylon  
  88  7:47  Probe x2  
  88  7:48  Probe  
  88  7:50  Immortal (Chrono Boost)  
  95  8:06  Immortal  
  95  8:07  Phoenix (Chrono Boost)  
  95  8:10  Phoenix (Chrono Boost)  
  103  8:16  Probe (Chrono Boost)  
  103  8:19  Probe (Chrono Boost)  
  106  8:20  Probe (Chrono Boost)  
  106  8:27  Probe (Chrono Boost)  
  107  8:30  Probe x2 (Chrono Boost)  
  110  8:36  Probe (Chrono Boost)  
  110  8:37  Probe x2 (Chrono Boost)  
  112  8:42  Nexus  
  112  8:46  Immortal (Chrono Boost)  
  116  8:53  Pylon  
  116  8:58  Immortal (Chrono Boost), Pylon  
  120  9:06  Phoenix (Chrono Boost)  
  120  9:08  Phoenix (Chrono Boost)  
  124  9:15  Forge  
  124  9:22  Forge  
  124  9:24  Immortal  
  132  9:31  Immortal  
  132  9:35  Phoenix (Chrono Boost)  
  134  9:43  Protoss Ground Armor Level 1 (Chrono Boost)  
  134  9:44  Probe x3  
  139  9:46  Phoenix (Chrono Boost)  
  139  9:49  Pylon  
  139  9:50  Pylon  
  139  9:51  Protoss Ground Weapons Level 1 (Chrono Boost)  
  139  9:53  Pylon  
  139  9:56  Probe  
  140  10:12  Phoenix x2  
  144  10:14  Immortal  
  144  10:19  Pylon  
  148  10:21  Assimilator  
  148  10:33  Robotics Bay  
  144  11:02  Immortal x2 (Chrono Boost)  
  152  11:12  Phoenix x2  
  156  11:26  Nexus  
  156  11:27  Gateway  
  156  11:28  Gateway  
  156  11:30  Extended Thermal Lance (Chrono Boost)  
  156  11:31  Twilight Council, Gateway  
  156  11:33  Gateway  
  156  11:35  Gateway  
  112  12:12  Immortal x2  
  120  12:18  Pylon  
  120  12:22  Pylon  
  120  12:23  Pylon  
  120  12:25  Pylon  
  120  12:28  Robotics Facility  
  120  12:29  Phoenix x2 (Chrono Boost)  
  120  12:30  Robotics Facility  
  120  12:32  Protoss Ground Weapons Level 2 (Chrono Boost)  
  120  12:33  Robotics Facility, Protoss Ground Armor Level 2 (Chrono Boost)  
  124  12:49  Probe x3  
  124  12:50  Probe x2  
  129  12:51  Charge (Chrono Boost)  
  125  13:01  Probe  
  125  13:02  Probe  
  127  13:08  Phoenix x2  
  139  13:14  Immortal x2 (Chrono Boost)  
  139  13:16  Immortal (Chrono Boost)  
  139  13:18  Immortal (Chrono Boost)  
  147  13:21  Immortal (Chrono Boost)  
  147  13:25  Assimilator  
  145  13:45  Phoenix (Chrono Boost)  
  149  13:50  Immortal (Chrono Boost)  
  149  13:52  Phoenix (Chrono Boost)  
  149  13:54  Immortal (Chrono Boost)  
  153  14:00  Immortal (Chrono Boost)  
  153  14:01  Observer  
  153  14:02  Gravitic Boosters  
  162  14:09  Warp Prism (Chrono Boost)  
  164  14:16  Probe x4  
  164  14:17  Probe  
  169  14:18  Assimilator  
  169  14:20  Assimilator  
  169  14:23  Blink  
  169  14:29  Immortal (Chrono Boost)  
  169  14:31  Immortal (Chrono Boost)  
  181  14:38  Immortal (Chrono Boost)  
  181  14:59  Gravitic Drive  
  169  15:15  Zealot x3  
  169  15:16  Zealot x4  
  169  15:19  Disruptor x3 (Chrono Boost)  
  188  16:01  Fleet Beacon  
  188  16:03  Stargate  
  188  16:05  Stargate  
  188  16:08  Cybernetics Core  
  188  16:09  Stargate  
  188  16:17  Protoss Air Weapons Level 1  
  188  16:20  Pylon  
  188  16:28  Zealot x4  
  188  16:29  Zealot x2  
  200  16:52  Assimilator, Nexus  
  200  16:57  Probe  
  200  17:00  Assimilator  
  187  17:01  Zealot  
  187  17:02  Zealot x6  
  196  17:31  Nexus  
  90  18:15  Zealot x5  
  90  18:16  Zealot x2  
  90  18:19  Carrier x2 (Chrono Boost)  
  112  18:24  Carrier x2 (Chrono Boost)  
  121  18:29  Carrier (Chrono Boost)  
  105  18:36  Zealot  
  105  18:37  Protoss Air Weapons Level 2 (Chrono Boost), Zealot x4  
  105  18:38  Zealot x2  
  80  18:58  Pylon  
  72  19:08  Carrier (Chrono Boost)  
  79  19:12  Stargate x2  
  79  19:13  Carrier (Chrono Boost)  
  79  19:15  Carrier x2 (Chrono Boost)  
  97  19:21  Carrier (Chrono Boost), Zealot x7  
  97  19:22  Mothership (Chrono Boost)  
  111  19:42  Zealot x4  
  111  19:43  Zealot x2  
  94  20:13  Zealot x2  
  94  20:14  Zealot x2  
  79  20:50  Probe x2 (Chrono Boost)  
  79  20:56  Probe (Chrono Boost)  
  80  21:06  Probe  
  81  21:23  Probe (Chrono Boost)  
  81  21:24  Probe x2 (Chrono Boost)  
  85  21:27  Probe (Chrono Boost)  
  85  21:35  Probe (Chrono Boost)  
  85  21:36  Probe (Chrono Boost)  
  85  21:37  Probe (Chrono Boost)  
  89  21:42  Probe (Chrono Boost)  
  89  21:44  Probe x2 (Chrono Boost)  
  89  21:45  Probe (Chrono Boost)  
  90  22:08  Nexus  
  90  22:35  Carrier (Chrono Boost)  
  96  22:45  Probe  
  96  22:46  Probe  
  98  22:54  Probe  
  98  22:56  Probe  
  100  23:08  Probe  
  100  23:09  Probe  
  100  23:12  Probe  
  103  23:14  Probe  
  96  23:37  Carrier (Chrono Boost)  
  96  23:54  Carrier (Chrono Boost)  
  92  24:35  Nexus  
  90  24:59  Mothership (Chrono Boost)  
  98  25:34  Carrier (Chrono Boost)  
  98  25:39  Carrier (Chrono Boost)  
  113  25:58  Probe (Chrono Boost)  
  113  26:01  Probe (Chrono Boost)  
  113  26:02  Probe (Chrono Boost)  
  113  26:05  Probe (Chrono Boost)  
  113  26:09  Probe x2 (Chrono Boost)  
  116  26:12  Protoss Air Armor Level 1 (Chrono Boost)  
  116  26:13  Probe  
  117  26:19  Probe  
  117  26:21  Assimilator  
  117  26:24  Assimilator  
  118  26:35  Pylon  
  118  26:37  Pylon  
  118  26:46  Tempest  
  123  26:54  Tempest  
  128  27:10  Assimilator  
  128  27:11  Assimilator  
  128  27:21  Tempest x2  
  138  27:36  Pylon  
  138  27:37  Pylon  
  138  27:39  Pylon  
  138  27:42  Pylon  
  92  28:52  Tempest  
  92  28:53  Tempest x3  
  90  29:57  Nexus  
  80  30:12  Probe x2  
  69  31:02  Probe x2  
  67  31:27  Probe  
  68  31:42  Probe  
  70  32:22  Probe  
  70  32:23  Probe  
  71  32:37  Probe (Chrono Boost)  
  72  32:47  Probe (Chrono Boost)  
  73  32:52  Probe (Chrono Boost)  
Tags
 
Composition
Carriers
Matchup
PvP
Spawn Locations
Cross Positions
Add a new tag
Caveats
  • Supply blocks, unpowered buildings, or Contaminate may cause inaccurate times.
  • Supply counts are checked every 10 seconds.